 Dungeon Crawl Stone Soup version 0.20-a0-1117-g62da73f (webtiles) character file.

148 Hook the Skirmisher (level 5, 0/47 HPs)
             Began as a Gnoll Monk on May 9, 2017.
             Slain by a hobgoblin (4 damage)
             ... led by Robin
             ... on level 3 of the Dungeon.
             The game lasted 00:08:10 (1858 turns).

Hook the Skirmisher (Gnoll Monk)                    Turns: 1858, Time: 00:08:11

Health: 0/47       AC:  3    Str: 12    XL:     5   Next: 30%
Magic:  5/5        EV: 16    Int: 10    God:
Gold:   78         SH:  0    Dex: 16    Spells: 4/4 levels left

rFire    . . .     SeeInvis .   f - +0 dagger (venom)
rCold    . . .     Gourm    .   (no shield)
rNeg     . . .     Faith    .   d - +0 leather armour
rPois    .         Spirit   .   (no helmet)
rElec    .         Reflect  .   (no cloak)
rCorr    .         Harm     .   (no gloves)
MR       .....                  (no boots)
Stlth    ++........             (no amulet)
Regen    0.2/turn               (no ring)
MPRegen  0.1/turn               (no ring)

@: no status effects
A: short attention span, fangs 1, strong nose
a: no special abilities


You were on level 3 of the Dungeon.
You were not hungry.

You visited 1 branch of the dungeon, and saw 3 of its levels.

You collected 78 gold pieces.

Inventory:

Hand Weapons
 a - a +0 short sword
 f - a +0 dagger of venom (weapon)
Armour
 b - a +0 robe
 d - a +0 leather armour (worn)
Jewellery
 m - an uncursed ring of ice {unknown}
Wands
 k - a wand of random effects (24/48)
Scrolls
 e - 2 scrolls of teleportation {unknown}
 h - 2 scrolls of identify {unknown}
 i - a scroll of enchant weapon {unknown}
 j - a scroll of random uselessness {unknown}
Potions
 g - a potion of curing {unknown}
 l - a potion of magic {unknown}
Comestibles
 c - 2 bread rations


   Skills:
 * Level 6.4 Fighting
 + Level 6.0 Short Blades
 + Level 2.9 Armour
 + Level 6.3 Dodging
 - Level 3.0 Stealth


You had 4 spell levels left.
You didn't know any spells.

Dungeon Overview and Level Annotations

Branches:
Dungeon (3/15)

Altars:
Ashenzari

Annotations:
D:1 1 runed door


Innate Abilities, Weirdness & Mutations

You have a short attention span.
You have very sharp teeth.
Your uncanny sense of smell can sniff out nearby items.


Message History

The goblin closely misses you. The goblin hits you with a club!
You barely miss the goblin. The hobgoblin misses you.
The goblin hits you with a dagger. The hobgoblin hits you.
The goblin closely misses you.
You hit the goblin but do no damage.
The goblin is poisoned.
The goblin hits you with a club.
* * * LOW HITPOINT WARNING * * *
The goblin misses you. The hobgoblin misses you. The goblin barely misses you.
You hit the goblin.
The goblin is heavily wounded.
The hobgoblin barely misses you. The goblin closely misses you.
The goblin hits you with a club!
* * * LOW HITPOINT WARNING * * *
The goblin misses you.
You kill the goblin!
The goblin barely misses you. The hobgoblin misses you.
The hobgoblin no longer looks unusually strong.
The hobgoblin hits you.
You die...

#........(# #.#..)...#
#.........#
##[########
#.........# #†)#
###......(..#######.##
#.....|.<(..........#
.##...($(.......####
.###..?(((.......#
............g....<#
..######..g.g@....# ∆
###.†(..g.....#
#....)†.g..(..#
....##..........#
...## ##.........# ..
#.........# #
#.........#
#.........#
.........##


You could see 2 hobgoblins and 3 goblins.

Vanquished Creatures
  Jessica (D:3)
  Ijyb (D:3)
  Terence (D:2)
  Robin (D:3)
  2 worms (D:2)
  A leopard gecko (D:1)
  An orc (D:3)
  2 ball pythons
  10 bats
  3 giant cockroaches
  10 goblins
  6 hobgoblins
  2 frilled lizards (D:1)
  8 kobolds
  8 rats
57 creatures vanquished.

Notes
Turn   | Place    | Note
-------+----------+-------------------------------------------
     0 | D:1      | Hook the Gnoll Monk began the quest for the Orb.
     0 | D:1      | Reached XP level 1. HP: 20/20 MP: 1/1
     1 | D:1      | Found a runed door.
     2 | D:1      | Noticed a jelly
    66 | D:1      | Reached skill level 5 in Fighting
    75 | D:1      | Reached skill level 5 in Short Blades
    75 | D:1      | Reached skill level 5 in Dodging
    81 | D:1      | Reached XP level 2. HP: 20/27 MP: 2/2
   504 | D:1      | Reached skill level 1 in Armour
   728 | D:1      | Reached XP level 3. HP: 33/33 MP: 3/3
  1367 | D:2      | Noticed Terence
  1370 | D:2      | Killed Terence
  1370 | D:2      | Reached XP level 4. HP: 40/40 MP: 4/4
  1403 | D:2      | Found a shattered altar of Ashenzari.
  1474 | D:3      | Noticed Ijyb
  1504 | D:3      | Killed Ijyb
  1648 | D:3      | Noticed Jessica
  1685 | D:3      | Killed Jessica
  1685 | D:3      | Reached XP level 5. HP: 13/47 MP: 5/5
  1841 | D:3      | Noticed Robin
  1849 | D:3      | Killed Robin
  1858 | D:3      | Slain by a hobgoblin

Vault maps used:
D:1:      dpeg_arrival_caged_fury, hex_large, minmay_pentomino_p4
D:2:      chequers_ecumenical_altar_island, minmay_misc_feat_x,
          evilmike_ruin_ashenzari, uniq_natasha, uniq_terence
D:3:      first_bread, st_stairs_12, uniq_jessica, uniq_robin, uniq_ijyb

Skill      XL: |  1  2  3  4  5 |
---------------+----------------+-----
Fighting       | 5 6 |  6.4
Short Blades   | 5 6 |  6.0
Dodging        | 5 6 |  6.3
Armour         | 1 2 |  2.9
Stealth        | |  3.0

Action                   |  1- 3 |  4- 6 || total
-------------------------+-------+-------++-------
Melee: Short sword       |    59 |       ||    59
       Bite              |    12 |    12 ||    24
       Dagger            |    62 |    73 ||   135
 Stab: Sleeping          |     6 |       ||     6
  Eat: Chunk             |     1 |     1 ||     2
       Royal jelly       |       |     1 ||     1
Armor: Leather armour    |    19 |    16 ||    35
Dodge: Dodged            |    70 |    77 ||   147
